 Dungeon Crawl Stone Soup version 0.24.0-13-gcf9b319 (webtiles) character file.

Game seed: 429773510901932562, levelgen mode: deterministic

1277 Fang the Skirmisher (level 8, -1/52 HPs)
             Began as a Gargoyle Berserker on Nov 14, 2019.
             Was a Priest of Trog.
             Slain by an orc warrior
             ... wielding a +0 mace
              (13 damage)
             ... on level 6 of the Dungeon.
             The game lasted 00:03:22 (4050 turns).

Fang the Skirmisher (Gargoyle Berserker)            Turns: 4050, Time: 00:03:23

Health: -1/52      AC: 11    Str: 22    XL:     8   Next: 54%
Magic:  8/8        EV: 13    Int:  9    God:    Trog [***...]
Gold:   150        SH:  0    Dex:  9    Spells: 7/7 levels left

rFire    . . .     SeeInvis .   a - +0 hand axe
rCold    . . .     Gourm    .   (no shield)
rNeg     + . .     Faith    .   b - +0 animal skin
rPois    ∞         Spirit   .   (no helmet)
rElec    +         Reflect  .   (no cloak)
rCorr    .         Harm     .   (no gloves)
MR       .....                  (no boots)
Stlth    +.........             (no amulet)
HPRegen  0.17/turn              d - +3 ring of protection
MPRegen  0.11/turn              (no ring)

@: berserk cooldown, slowed, very slow
A: negative energy resistance 1, electricity resistance, unbreathing,
petrification resistance, rot immunity, AC +5
a: Berserk, Trog's Hand, Renounce Religion


You were on level 6 of the Dungeon.
You worshipped Trog.
Trog was most pleased with you.
You were hungry.

You visited 1 branch of the dungeon, and saw 5 of its levels.

You collected 150 gold pieces.

Inventory:

Hand Weapons
 a - a +0 hand axe (weapon)
Armour
 b - a +0 animal skin (worn)
Jewellery
 d - a +3 ring of protection (left hand)
 n - an uncursed ring of see invisible {unknown}
Scrolls
 e - 3 scrolls of identify {unknown}
 f - a scroll of amnesia {unknown}
 j - 3 scrolls of remove curse {unknown}
 k - 2 scrolls of enchant armour {unknown}
 p - a scroll of fog {unknown}
Potions
 g - a potion of curing {unknown}
 h - a potion of haste {unknown}
 i - a potion of might {unknown}
 l - a potion of agility {unknown}
 m - a potion of lignification {unknown}
 o - a potion of mutation {unknown}
Comestibles
 c - 3 rations


   Skills:
 + Level 6.4 Fighting
 + Level 5.3 Axes
 + Level 5.8 Armour
 + Level 4.4 Dodging


You had 7 spell levels left.
You didn't know any spells.
Your spell library was empty.

Dungeon Overview and Level Annotations

Branches:
Dungeon (4/15)
 Temple: D:4-7

Altars:
Dithmenos
Nemelex Xobeh
Trog

Annotations:
D:6 1 transporter


Innate Abilities, Weirdness & Mutations

You are resistant to torment.
Your stone body is resilient. (AC +5)
You are immune to poison.
You resist negative energy. (rN+)
You are resistant to electric shocks. (rElec)
You can survive without breathing.
You are immune to petrification.
You are immune to rotting.


Message History

The orc warrior hits you with a +0 mace.
* * * LOW HITPOINT WARNING * * *
You closely miss the orc warrior.
The orc warrior is moderately wounded.
You closely miss the orc warrior.
The orc warrior is moderately wounded.
The orc warrior hits you with a +0 mace.
* * * LOW HITPOINT WARNING * * *
You closely miss the orc warrior.
The orc warrior is moderately wounded.
You slash the orc warrior!
The orc warrior is severely wounded.
The orc warrior closely misses you.
You hit the orc warrior but do no damage.
The orc warrior is severely wounded.
You are no longer berserk.
You are exhausted.
You feel yourself slow down.
The orc warrior hits you with a +0 mace!
You die...

.+ +.##.#.....#
.####.......###
......#.#.#...##
....#..........#
......#.#.#.#..#
............#.######
......#.#.#......(.#
..##........##.)(o.#
####......>##..#@).#
# #......>...>.)#.#
####........#....#..#
#.##.......####...
... #......<....#
#... ....
.............##...#
....
..................#
.... ...........#
..... ............


You could see an orc warrior.

Vanquished Creatures
  Sigmund (D:3)
  An ice beast (D:6)
  A phantom (D:4)
  2 ogres (D:4)
  2 centaurs (D:6)
  A bullfrog (D:6)
  4 killer bees (D:6)
  A crimson imp (D:6)
  4 orc wizards
  An orc priest (D:6)
  2 worker ants
  2 adders (D:3)
  An ooze (D:2)
  An adder skeleton (D:4)
  A worm (D:3)
  2 dart slugs (D:2)
  6 leopard geckos
  18 orcs
  2 bats (D:3)
  5 giant cockroaches
  9 goblins
  4 hobgoblins
  18 jackals
  6 kobolds
  A ball python (D:1)
  2 frilled lizards (D:1)
  7 rats
105 creatures vanquished.

Notes
Turn   | Place    | Note
-------+----------+-------------------------------------------
     0 | D:1      | Fang the Gargoyle Berserker began the quest for the Orb.
     0 | D:1      | Reached XP level 1. HP: 14/14 MP: 1/1
   219 | D:1      | Reached XP level 2. HP: 16/19 MP: 2/2
   550 | D:1      | Found a sparkling altar of Nemelex Xobeh.
   590 | D:1      | Reached XP level 3. HP: 23/23 MP: 3/3
   713 | D:1      | Reached ** piety under Trog
  1288 | D:2      | Reached XP level 4. HP: 29/29 MP: 4/4
  1561 | D:3      | Reached skill level 4 in Fighting
  1792 | D:3      | Found a shadowy altar of Dithmenos.
  1994 | D:3      | Noticed Sigmund
  2006 | D:3      | Killed Sigmund
  2006 | D:3      | Reached XP level 5. HP: 34/34 MP: 5/5
  2006 | D:3      | Reached XP level 6. HP: 39/39 MP: 6/6
  2533 | D:4      | Found a bloodstained altar of Trog.
  2537 | D:4      | Reached *** piety under Trog
  2702 | D:4      | Reached skill level 5 in Fighting
  2936 | D:4      | Noticed a phantom
  2941 | D:4      | Reached XP level 7. HP: 44/44 MP: 7/7
  3315 | D:4      | You fall into a shaft and drop 2 floors!
  3337 | D:6      | Reached skill level 5 in Armour
  3536 | D:6      | Found a transporter.
  3551 | D:6      | Reached XP level 8. HP: 28/51 MP: 8/8
  3775 | D:6      | Reached skill level 6 in Fighting
  3775 | D:6      | Reached skill level 5 in Axes
  4050 | D:6      | Slain by an orc warrior

Levels and vault maps discovered:
D:1:      lemuel_arrival_room, layout_basic, nemelex_xobeh_ov_fountains_minmay
D:2:      layout_basic
D:3:      layout_basic, first_ration, grunt_dithmenos_smoke_and_mirrors,
          uniq_sigmund
D:4:      corexii_shack_village, layout_gridville, trog_butcher_becter
D:6:      gammafunk_steamed_eel, layout_cave_pools, kennysheep_mini,
          serial_glass, glass_columns_a, glass_columns_b, glass_columns_a,
          glass_columns_b, glass_columns_c, glass_columns_a, glass_columns_b,
          glass_columns_b

Skill      XL: |  1  2  3  4  5  6  7  8 |
---------------+-------------------------+-----
Axes           | 3 4 5 |  5.3
Dodging        | 2 3 4 |  4.4
Armour         | 3 4 5 |  5.8
Fighting       | 4 5 6 |  6.4

Action                   |  1- 3 |  4- 6 |  7- 9 || total
-------------------------+-------+-------+-------++-------
Melee: Hand axe          |   106 |   131 |   154 ||   391
Invok: Berserk           |       |     4 |     4 ||     8
  Eat: Chunk             |     1 |     7 |     6 ||    14
       Ration            |       |     1 |       ||     1
Armor: Animal skin       |    52 |    51 |    69 ||   172
Dodge: Dodged            |    85 |    71 |   132 ||   288
